 Dungeon Crawl Stone Soup version 0.15-a0-1537-ge1f089e (webtiles) character file.

6954 Crauler the Grappler (level 10, -3/84 HPs)
             Began as a Green Draconian Transmuter on June 16, 2014.
             Was a Believer of Ashenzari.
             Slain by a vampire knight
             ... wielding a +0 long sword
              (6 damage)
             ... on Level 10 of the Dungeon.
             The game lasted 00:46:46 (10114 turns).

Crauler the Grappler (Green Draconian Transmuter)  Turns: 10114, Time: 00:46:46

HP  -3/84        AC  9     Str 13      XL: 10   Next: 80%
MP   0/22        EV 16     Int 15 (16) God: Ashenzari [**....]
Gold 579         SH  0     Dex 12      Spells:  3 memorised, 10 levels left

rFire  . . .     SeeInvis +     s - melded +7 quarterstaff (chaos) (curse)
rCold  . . .     Clarity  .     (armour unavailable)
rNeg   . . .     rCorr    .     (shield currently unavailable)
rPois  +         rRot     .     (helmet restricted)
rElec  .         Spirit   +     t - +1 cloak (curse)
SustAb .         Warding  .     (gloves currently unavailable)
rMut   .         Stasis   .     (no boots)
Gourm  .                        J - cursed amulet of guardian spirit
MR     .....                    E - ring of see invisible
                                g - cursed ring of stealth

@: blade hands (expiring), very slightly contaminated, not resistant to hostile
enchantments, unstealthy
A: breathe noxious fumes, unfitting armour, poison resistance, cold-blooded, AC
+7
a: Breathe Noxious Fumes, End Transformation, Renounce Religion


You were on level 10 of the Dungeon.
You worshipped Ashenzari.
Ashenzari was pleased with you.
You were near starving.
Your hands were blades.
You visited 2 branches of the dungeon, and saw 11 of its levels.

You collected 579 gold pieces.

Inventory:

Hand weapons
 s - a cursed +7 quarterstaff of chaos (melded)
Missiles
 b - 12 arrows
Armour
 t - a cursed +1 cloak (worn)
 K - a +0 buckler
Magical devices
 l - a wand of invisibility (3)
 F - a wand of polymorph (16)
 G - a wand of frost (13)
 I - a wand of lightning (3)
 N - a wand of enslavement (9)
 P - a wand of draining (5)
Comestibles
 a - 7 bread rations
 f - 3 meat rations
 p - 3 fruits
 v - 8 beef jerkies
 A - 2 slices of pizza
Scrolls
 c - 5 scrolls of teleportation
 h - 12 scrolls of identify
 k - 3 scrolls of enchant armour
 n - a scroll of random uselessness {unknown}
 r - 4 scrolls of blinking
 u - 7 scrolls of curse weapon
 x - 2 scrolls of magic mapping
 H - 3 scrolls of recharging
 M - 4 scrolls of curse armour
 Q - a scroll of fear {unknown}
Jewellery
 g - a cursed ring of stealth (left scythe-like blade)
 o - an uncursed ring of sustain abilities
 w - an uncursed ring of positive energy
 C - an uncursed amulet of resist corrosion
 E - a ring of see invisible (right scythe-like blade)
 J - a cursed amulet of guardian spirit (around neck)
Potions
 e - a potion of resistance
 i - 3 potions of curing
 z - 3 potions of restore abilities
 D - a potion of invisibility
Books
 d - a book of Changes

   Spells                             Type                      Level
   *Beastly Appendage                 Transmutation                1
   Sticks to Snakes                   Transmutation                2
   *Spider Form                       Transmutation/Poison         3
   Ice Form                           Ice/Transmutation            4
   *Blade Hands                       Transmutation                5
 m - a book of the Tempests

   Spells                             Type                      Level
   Static Discharge                   Conjuration/Air              3
   Lightning Bolt                     Conjuration/Air              5
   Fireball                           Conjuration/Fire             5
   Tornado                            Air                          9
   Shatter                            Earth                        9
Magical staves
 y - an uncursed staff of air
 L - an uncursed staff of summoning


   Skills:
 + Level 6.5 Fighting
 * Level 8.2 Dodging
 * Level 8.8 Unarmed Combat
 - Level 5.0 Spellcasting
 - Level 8.4(9.9) Transmutations
 + Level 2.6(3.9) Evocations


You had 10 spell levels left.
You knew the following spells:

 Your Spells              Type           Power        Failure   Level  Hunger
a - Beastly Appendage     Trmt           ####..       12%         1    None
b - Spider Form           Trmt/Pois      ###.......   45%         3    ###....
c - Blade Hands           Trmt           ####......   45%         5    #####..


Dungeon Overview and Level Annotations

Branches:
Dungeon (10/15)            Temple (1/1) D:4            Lair (0/8) D:9
    Orc: D:9-12

Altars:
Ashenzari
Cheibriados
Dithmenos
Elyvilon
Fedhas
Gozag
Kikubaaqudgha
Makhleb
Nemelex Xobeh
Okawaru
Qazlal
Sif Muna
Trog
Vehumet
Xom
Yredelemnul
Zin
The Shining One

Shops:
D:6 (


Innate Abilities, Weirdness & Mutations

You can breathe blasts of noxious fumes.*
Your lurid green scales are hard (AC +7).*
Your body does not fit into most forms of armour.
Your system is resistant to poisons.*
Your cold-blooded metabolism reacts poorly to cold.*


Message History

The vampire knight draws strength from your injuries!
Drink which item? (? for menu, Esc to quit)
You feel much better. The vampire knight closely misses you.
The vampire knight barely misses you.
You slash the vampire knight!
The vampire knight is heavily damaged.
You slice the vampire knight!! You slash the vampire knight!
The vampire knight is severely damaged.
The vampire knight gestures wildly while chanting.
The vampire knight seems to speed up.
You slash the vampire knight!
The vampire knight is almost destroyed.
The vampire knight is infused with unholy energy.
The vampire knight draws life force from you and is healed!
You hit the vampire knight but do no damage.
The vampire knight is severely damaged.
The vampire knight hits you with a long sword!!
* * * LOW HITPOINT WARNING * * *
The vampire knight bites you!
You die...

#######......#### ,, * , ,
.........#......####+###
...(######...C.........#*,,
, ##...## ###.###....[..# *
, #....#### #^ #....8..+ ,
#..##.#.# # #.......#
#.......# *,* #.......#* ,
#.......# ∆ #V###+### *
#.......#* * #@# ∆, * * ,
###.....#######.# ,
#.#...........# ,, ,* *
###......###..#, , ,
#.#....# #..# , , ,
##.....#*#..# * *
##...##,#... * * * #####*
.###> , # ## **


You could see a vampire knight.

Vanquished Creatures
  A hill giant (D:10)
  Maurice (D:8)
  2 gargoyles
  Grinder (D:3)
  2 wyverns
  A deep elf mage (D:9)
  A hungry ghost (D:7)
  Edmund (D:9)
  A steam dragon (D:9)
  2 sky beasts
  A spider (D:6)
  6 ice beasts
  A spider (shapeshifter) (D:6)
  A necrophage (D:6)
  2 centaurs
  3 ogres
  2 orc warriors
  A phantom (D:9)
  Duvessa (D:6)
  A big kobold (D:8)
  Blork the orc (D:5)
  12 giant frogs
  A scorpion (D:4)
  A hippogriff zombie (D:9)
  A quasit (D:8)
  Dowan (D:6)
  2 giant frog zombies (D:6)
  5 hounds
  A centaur zombie (D:6)
  2 goliath beetles (D:6)
  7 crimson imps
  Crazy Yiuf (D:2)
  A two-headed ogre zombie (D:6)
  A giant frog skeleton (D:6)
  3 iguanas
  7 orc priests
  9 orc wizards
  Natasha (D:6)
  8 worker ants
  A big kobold zombie (D:6)
  A sky beast zombie (D:6)
  2 ogre zombies (D:6)
  A hound zombie (D:7)
  A big kobold skeleton (D:8)
  Terence (D:3)
  2 worker ant zombies (D:6)
  2 jellies
  8 adders
  3 gnolls (D:3)
  2 green rats (D:9)
  3 giant mites
  3 inept feature mimics
  A shadow imp (D:8)
  2 inept item mimics
  6 worms
  An adder zombie (D:6)
  4 orc zombies
  2 iguana skeletons
  2 giant geckos
  59 orcs
  A ball python (D:3)
  A bat skeleton (D:6)
  A bat zombie (D:6)
  7 giant cockroaches
  14 hobgoblins
  3 jackals (D:4)
  14 kobolds
  4 quokkas
  11 bats
  A giant gecko skeleton (D:6)
  5 giant newts
  14 goblins
  A kobold zombie (D:6)
  An orc skeleton (D:9)
  3 quokka zombies
  17 rats
  5 ballistomycetes (D:9)
  3 butterflies (D:4)
310 creatures vanquished.

Vanquished Creatures (others)
  2 giant spores (D:9)
2 creatures vanquished.

Grand Total: 312 creatures vanquished

Notes
Turn   | Place    | Note
--------------------------------------------------------------
     0 | D:1      | Crauler, the Draconian Transmuter, began the quest for the Orb.
     0 | D:1      | Reached XP level 1. HP: 16/16 MP: 3/3
   233 | D:1      | Reached XP level 2. HP: 21/23 MP: 4/4
   859 | D:2      | Reached XP level 3. HP: 21/29 MP: 6/6
   990 | D:2      | Learned a level 3 spell: Spider Form
  1266 | D:2      | Found a glowing silver altar of Zin.
  1586 | D:2      | Reached XP level 4. HP: 27/36 MP: 7/7
  1642 | D:2      | Noticed Crazy Yiuf
  1653 | D:2      | Killed Crazy Yiuf
  1899 | D:3      | Noticed Grinder
  1906 | D:3      | Paralysed by Grinder for 4 turns
  1956 | D:3      | Killed Grinder
  1956 | D:3      | Reached skill level 4 in Unarmed Combat
  1956 | D:3      | Reached XP level 5. HP: 10/42 MP: 5/9
  1956 | D:3      | Reached XP level 6. HP: 11/50 MP: 6/11
  3103 | D:3      | Noticed Terence
  3117 | D:3      | Killed Terence
  3117 | D:3      | Your scales start taking on a lurid green colour.
  3117 | D:3      | Gained mutation: Your system is resistant to poisons. [draconian maturity]
  3117 | D:3      | Reached XP level 7. HP: 40/56 MP: 11/14
  3648 | D:4      | Reached skill level 5 in Unarmed Combat
  3806 | D:4      | Found a shimmering altar of Xom.
  3807 | D:4      | Found a basalt altar of Yredelemnul.
  3821 | D:4      | Found a white marble altar of Elyvilon.
  3825 | D:4      | Found a snail-covered altar of Cheibriados.
  4005 | D:4      | Found a staircase to the Ecumenical Temple.
  4058 | Temple   | Entered the Ecumenical Temple
  4080 | Temple   | Became a worshipper of Ashenzari the Shackled
  4438 | D:5      | Entered Level 5 of the Dungeon
  4440 | D:5      | Noticed Blork the orc
  4470 | D:5      | Killed Blork the orc
  4526 | D:5      | Reached XP level 8. HP: 60/63 MP: 16/16
  4534 | D:5      | Reached skill level 5 in Transmutations
  4650 | D:5      | Reached skill level 5 in Dodging
  4842 | D:5      | Noticed a moth of wrath
  4845 | D:5      | Found a bloodstained altar of Trog.
  5286 | D:6      | Noticed Duvessa
  5291 | D:6      | Noticed Dowan
  5299 | D:6      | Killed Dowan
  5309 | D:6      | Killed Duvessa
  5356 | D:6      | HP: 2/64 [ice beast (8)]
  5674 | D:6      | Found Ala Naeg's Antique Weapon Shoppe.
  5687 | D:6      | Reached skill level 6 in Unarmed Combat
  6147 | D:6      | Reached XP level 9. HP: 34/71 MP: 20/20
  6591 | D:6      | Identified the +3 battleaxe "Taemid" {venom, rElec rC- Str+2}
  6644 | D:6      | Noticed Natasha
  6654 | D:6      | Killed Natasha
  6932 | D:7      | Reached skill level 7 in Unarmed Combat
  7604 | D:8      | Reached skill level 5 in Fighting
  7607 | D:8      | Noticed Maurice
  7631 | D:8      | Killed Maurice
  7748 | D:8      | Acquired Ashenzari's first power
  7821 | D:8      | Reached XP level 10. HP: 63/81 MP: 17/21
  8113 | D:8      | Learned a level 5 spell: Blade Hands
  8231 | D:8      | Reached skill level 5 in Spellcasting
  8257 | D:8      | Reached skill level 8 in Transmutations
  9117 | D:9      | Found a staircase to the Lair.
  9121 | D:9      | Reached skill level 1 in Evocations
  9295 | D:9      | Noticed Edmund
  9315 | D:9      | Killed Edmund
  9950 | D:10     | Entered Level 10 of the Dungeon
 10077 | D:10     | Noticed a hill giant
 10103 | D:10     | Killed a hill giant
 10104 | D:10     | Noticed a vampire knight
 10114 | D:10     | HP: 3/84 [vampire knight/long sword (25)]
 10114 | D:10     | Slain by a vampire knight

Action                   |  1- 3 |  4- 6 |  7- 9 | 10-12 || total
-------------------------+-------+-------+-------+-------++-------
Melee: Unarmed           |   190 |    68 |    78 |    75 ||   411
       Quarterstaff      |       |    77 |   523 |   152 ||   752
 Cast: Spider Form       |       |     7 |     8 |     2 ||    17
       Blade Hands       |       |       |       |     5 ||     5
 Abil: Breathe Noxious F |       |       |     3 |     1 ||     4
Evoke: Wand              |       |       |     5 |       ||     5
  Use: Potion            |       |     3 |     5 |     7 ||    15
       Scroll            |       |       |    17 |     2 ||    19
 Stab: Sleeping          |       |     1 |     4 |     1 ||     6
       Paralysed         |       |       |    13 |     7 ||    20
       Invisible         |       |       |     1 |       ||     1
